 Dungeon Crawl Stone Soup version 0.24-a0-769-g368c1644f8 (webtiles) character file.

Game seed: 594122091312688705, levelgen mode: deterministic

562 Johnny the Digger (level 6, -1/51 HPs)
             Began as a Demigod Earth Elementalist on Oct 5, 2019.
             Slain by an orc priest
             ... wielding a +0 mace
              (8 damage)
             ... on level 4 of the Dungeon.
             The game lasted 00:05:46 (2775 turns).

Johnny the Digger (Demigod Earth Elementalist)      Turns: 2775, Time: 00:05:47

Health: -1/51      AC:  3    Str: 11    XL:     6   Next: 83%
Magic:  0/14       EV: 12    Int: 23    God:
Gold:   78         SH:  0    Dex: 16    Spells: 8/12 levels left

rFire    . . .     SeeInvis .   g - +0 spear
rCold    + . .     Gourm    .   (no shield)
rNeg     . . .     Faith    .   c - +1 robe
rPois    .         Spirit   .   (no helmet)
rElec    .         Reflect  .   (no cloak)
rCorr    .         Harm     .   (no gloves)
MR       .....                  (no boots)
Stlth    ++........             (no amulet)
HPRegen  0.17/turn              i - ring of protection from cold
MPRegen  0.14/turn              j - ring of wizardry

@: no status effects
A: high mp 1
a: no special abilities


You were on level 4 of the Dungeon.
You were very hungry.

You visited 1 branch of the dungeon, and saw 4 of its levels.

You collected 78 gold pieces.

Inventory:

Hand Weapons
 g - a +0 spear (weapon)
Armour
 c - a +1 robe (worn)
 e - the +0 ring mail of Moral Flaws {+Blink}
   (You found it on level 4 of the Dungeon)

   It lets you blink.
Jewellery
 i - a ring of protection from cold (left hand)
 j - a ring of wizardry (right hand)
Wands
 m - a wand of flame (21)
Scrolls
 a - a scroll of enchant armour
 f - a scroll of amnesia
 k - 4 scrolls of teleportation
 l - a scroll of blinking
 n - a scroll of enchant weapon {unknown}
 o - a scroll of remove curse
 p - 2 scrolls of fog {unknown}
Potions
 b - a potion of berserk rage {unknown}
 q - a potion of heal wounds {unknown}
Comestibles
 d - 10 rations


   Skills:
 + Level 3.1 Fighting
 - Level 1.7 Dodging
 - Level 1.7 Stealth
 + Level 3.5 Spellcasting
   Level 0.8 Transmutations
 * Level 5.6 Earth Magic


You had 8 spell levels left.
You knew the following spells:

 Your Spells              Type           Power        Failure   Level  Hunger
a - Sandblast             Erth           ####..       1%          1    None
b - Stone Arrow           Conj/Erth      ###...       4%          3    ###....

Your spell library contained the following spells:

 Spells                   Type           Power        Failure   Level  Hunger
 Passwall                 Tmut/Erth      ###.....     1%          2    #......
 Corona                   Hex            #......      4%          1    None
 Ensorcelled Hibernation  Hex/Ice        #.....       7%          2    #......
 Petrify                  Tmut/Erth      ###.....     12%         4    ####...
 Lee's Rapid Deconstruct  Erth           ####......   12%         5    ######.
 Confuse                  Hex            #.......     13%         3    ###....
 Dazzling Spray           Conj/Hex       #.....       13%         3    ###....
 Tukima's Dance           Hex            #.......     13%         3    ###....


Dungeon Overview and Level Annotations

Branches:
Dungeon (4/15)
 Temple: D:4-7

Annotations:
D:4 3 runed translucent doors, Scuka's ghost, weakling BaSu


Innate Abilities, Weirdness & Mutations

You have an increased reservoir of magic. (+10% MP)


Message History

The orc wizard is almost dead.
The orc priest looks encouraged for a moment.
The orc wizard barely misses you.
The orc priest invokes the aid of Beogh against you.
Beogh smites you!
Okay, then.
Casting: Stone Arrow (safe; 4% risk of failure)
Confirm with . or Enter, or press ? or * to list all spells.
Aiming: Stone Arrow (safe; 4% risk of failure)
Press: ? - help, Shift-Dir - straight line, f/p - orc wizard
Aim: an orc wizard, wielding a +0 dagger and wearing a +0 robe (almost dead)
The stone arrow hits the orc wizard!
You kill the orc wizard!
The orc priest calls down the wrath of Beogh upon you.
Pain shoots through your body!
* * * LOW HITPOINT WARNING * * *
Unknown command.
It was a potion of cancellation.
You feel magically purged. The orc priest hits you with a +0 mace!
You die...

##### #### #.....# #.... ...#
#.....# #.... ...# #.....# #....
...# #.....# #.... ...# #.....#
####.... ...# #.....#####
..#..#.... ...# #.........#
..#..#.... ..######.......)@#
...#..#.... #.#.....#'###..o)#
....#..'....
........#...#...)####....#..#....
........#...#........o.###..#....
...#....#'###.....o....#....#....
..#.#...#...#..........#....#....
...#....#...#..........#....#....
#.......+...'..........#....+....
.#.#.#.##...#..........#....#....


You could see an orc priest.

Vanquished Creatures
  An ogre (D:4)
  A phantom (D:4)
  2 hounds (D:4)
  An orc priest (D:3)
  Jessica (D:3)
  2 orc wizards
  A worker ant (D:4)
  8 adders
  3 oozes
  An adder skeleton (D:4)
  A worm (D:2)
  A dart slug (D:1)
  A leopard gecko (D:3)
  13 orcs
  A ball python (D:2)
  9 giant cockroaches
  9 goblins
  9 hobgoblins
  3 jackals (D:4)
  A quokka (D:4)
  9 bats
  7 frilled lizards
  7 kobolds
  A quokka skeleton (D:4)
  9 rats
102 creatures vanquished.

Notes
Turn   | Place    | Note
-------+----------+-------------------------------------------
     0 | D:1      | Johnny the Demigod Earth Elementalist began the quest for
                  | the Orb.
     0 | D:1      | Reached XP level 1. HP: 14/14 MP: 5/5
   111 | D:1      | Reached skill level 3 in Earth Magic
   296 | D:1      | Reached XP level 2. HP: 22/22 MP: 5/7
   557 | D:1      | You fall into a shaft and drop 1 floor!
   615 | D:2      | Reached skill level 1 in Fighting
   615 | D:2      | Reached XP level 3. HP: 15/28 MP: 5/8
   840 | D:2      | Found a shimmering altar of Xom.
   840 | D:2      | Found a shimmering altar of Xom.
   841 | D:2      | Found a shimmering altar of Xom.
   843 | D:2      | Found a shimmering altar of Xom.
   843 | D:2      | Found a shimmering altar of Xom.
   863 | D:2      | Found a shimmering altar of Xom.
   863 | D:2      | Found a shimmering altar of Xom.
   944 | D:2      | Reached XP level 4. HP: 35/35 MP: 5/10
  1092 | D:3      | Reached skill level 4 in Earth Magic
  1121 | D:3      | Reached XP level 5. HP: 41/41 MP: 0/11
  1161 | D:3      | Learned a level 3 spell: Stone Arrow
  1206 | D:3      | Noticed Jessica
  1216 | D:3      | Killed Jessica
  1566 | D:3      | You fall into a shaft and drop 1 floor!
  1566 | D:4      | Noticed Scuka's ghost (weakling BaSu)
  1576 | D:4      | Found a runed translucent gate.
  1576 | D:4      | Found a runed translucent gate.
  1576 | D:4      | Found a runed translucent gate.
  2167 | D:4      | Noticed a phantom
  2186 | D:4      | Killed a phantom
  2186 | D:4      | Reached skill level 5 in Earth Magic
  2186 | D:4      | Reached XP level 6. HP: 42/50 MP: 2/14
  2563 | D:4      | Got a spiked ring mail
  2574 | D:4      | Identified the cursed +0 ring mail of Moral Flaws {+Blink}
                  | (You found it on level 4 of the Dungeon)
  2775 | D:4      | Slain by an orc priest

Levels and vault maps discovered:
D:1:      arrival_zaba_pyramid, layout_basic
D:2:      layout_rooms, xom_redecorated
D:3:      kennysheep_big_flooded_room, layout_rooms, first_ration, uniq_jessica
D:4:      layout_gridville, gammafunk_ghost_split, hangedman_decor_opposing

Skill      XL: |  1  2  3  4  5  6 |
---------------+-------------------+-----
Earth Magic    | 3 4 5 |  5.6
Spellcasting   | 2 3 |  3.5
Fighting       | 1 2 3 |  3.1
Dodging        | |  1.7
Stealth        | |  1.7
Transmutations | |  0.8

Action                   |  1- 3 |  4- 6 || total
-------------------------+-------+-------++-------
Melee: Unarmed           |     3 |       ||     3
       Spear             |    49 |   128 ||   177
 Cast: Sandblast         |    45 |    33 ||    78
       Stone Arrow       |       |    31 ||    31
  Use: Scroll            |       |     7 ||     7
       Potion            |       |     3 ||     3
 Stab: Sleeping          |       |     4 ||     4
  Eat: Chunk             |       |     8 ||     8
Armor: Robe              |    27 |    19 ||    46
Dodge: Dodged            |    50 |    84 ||   134

Table legend:
 A = Non-vault XP
 B = Vault XP
 C = Vault XP percentage of total XP
 D = Non-vault monster count
 E = Vault monster count
 F = Vault count percentage of total count
                 A         B        C        D         E       F
            +---------+---------+-------+---------+---------+-------
      Total |     763 |      40 |   5.0 |      99 |       3 |   2.9
            +---------+---------+-------+---------+---------+-------
        D:1 |      27 |       0 |   0.0 |      16 |       0 |   0.0
        D:2 |      97 |       0 |   0.0 |      29 |       0 |   0.0
        D:3 |     146 |      40 |  21.5 |      27 |       3 |  10.0
        D:4 |     493 |       0 |   0.0 |      27 |       0 |   0.0
            +---------+---------+-------+---------+---------+-------
